[Event "ICC tourney 2151 (70 10)"]
[Site "Internet Chess Club"]
[Date "2020.11.21"]
[Round "2"]
[White "hollyelf"]
[Black "Mapking1"]
[Result "0-1"]
[ICCResult "White resigns"]
[WhiteElo "2073"]
[BlackElo "1826"]
[Opening "Sicilian: dragon, 6.Be3"]
[ECO "B72"]
[NIC "SI.16"]
[Time "16:01:41"]
[TimeControl "4200+10"]

1. e4 c5 2. Nf3 d6 3. d4 cxd4 4. Nxd4 Nf6 5. Nc3 g6 6. Be3 Bg7 7. Qd2 Ng4 8.
O-O-O Nxe3 9. Qxe3 O-O 10. h4 Nc6 11. Nb3 Be6 12. Nd5 Bxd5 13. exd5 Na5 14.
h5 Nxb3+ 15. Qxb3 Qa5 16. hxg6 hxg6 17. Rh4 Rfc8 18. Kb1 b5 19. Be2 Qb6 20.
Qf3 Qc5 21. Bd3 Bf6 22. Rg4 Kg7 23. Re1 a5 24. Bf5 Rh8 25. Qg3 Qxd5 26. Be4
Qd2 27. f4 d5 28. Bf5 Kf8 29. Bd7 Qb4 30. c3 Qc5 31. Qe3 Qxe3 32. Rxe3 Rh1+
33. Kc2 b4 34. Bc6 Rd8 35. Rd3 bxc3 36. bxc3 e6 37. Rgg3 Rf1 38. Rgf3 Rg1
39. g3 Rb8 40. Rd1 Rg2+ 41. Rd2 Rxd2+ 42. Kxd2 Rb2+ 43. Kc1 Rxa2 44. Kb1 Rg2
45. Rd3 Ke7 46. Ba4 g5 47. fxg5 Bxg5 48. Bd1 Bf6 49. g4 Kd6 50. c4 d4 51.
Ra3 Bd8 52. Rf3 Rg1 53. Kc2 a4 54. Rxf7 d3+ 55. Kd2 Bg5+ 56. Kxd3 Rxd1+ 57.
Kc2 Rd2+ 58. Kb1 a3 59. Ra7 a2+ 60. Rxa2 Rxa2 61. Kxa2 Kc5 62. Kb3 e5 63.
Kc3 e4 64. Kc2 Kxc4 65. Kd1 Kd3 66. Ke1 Bd2+ 67. Kf1 e3 68. g5 e2+
{White resigns}
0-1

[Event "ICC tourney 2151 (70 10)"]
[Site "Internet Chess Club"]
[Date "2020.11.21"]
[Round "3"]
[White "gitb98"]
[Black "spellking98"]
[Result "0-1"]
[ICCResult "White checkmated"]
[WhiteElo "1962"]
[BlackElo "2168"]
[Opening "Budapest: Adler variation"]
[ECO "A52"]
[NIC "QG.01"]
[Time "19:31:34"]
[TimeControl "4200+10"]

1. d4 Nf6 2. c4 e5 3. dxe5 Ng4 4. Nf3 Bc5 5. e3 Nc6 6. Nc3 O-O 7. Be2 Ngxe5
8. Nxe5 Nxe5 9. O-O a5 10. Kh1 Ra6 11. f4 Ng6 12. Ne4 Be7 13. f5 Ne5 14. f6
Bxf6 15. Qd5 Re8 16. Rf5 Ng6 17. c5 Ne7 18. Nxf6+ Rxf6 19. Rxf6 Nxd5 20. Rf3
d6 21. cxd6 Qxd6 22. Bc4 Nf6 23. b3 Bg4 24. Rf1 Be6 25. Bxe6 Rxe6 26. Bb2
Ng4 27. Rad1 Qxh2# {White checkmated} 0-1

[Event "ICC tourney 2151 (70 10)"]
[Site "Internet Chess Club"]
[Date "2020.11.21"]
[Round "3"]
[White "BreatheChessAls"]
[Black "clair"]
[Result "1/2-1/2"]
[ICCResult "Game drawn by repetition"]
[WhiteElo "1932"]
[BlackElo "1727"]
[Opening "Modern defense"]
[ECO "A40"]
[NIC "QO.17"]
[Time "19:31:25"]
[TimeControl "4200+10"]

1. d4 g6 2. Bf4 Bg7 3. e3 d6 4. Nf3 e6 5. Be2 Ne7 6. h3 Nd7 7. c3 b6 8. O-O
Bb7 9. Nbd2 O-O 10. Qb3 h6 11. a4 a6 12. a5 b5 13. c4 e5 14. Bh2 Bxf3 15.
Nxf3 c6 16. Rfd1 e4 17. Nd2 d5 18. c5 Nf5 19. Nf1 Qg5 20. Bf4 Qh4 21. Bg4 h5
22. Bxf5 gxf5 23. Ng3 Qf6 24. Nxh5 Qg6 25. Ng3 Bh6 26. Bxh6 Qxh6 27. Nxf5
Qg5 28. Ng3 Kh7 29. Qc2 Rg8 30. Qe2 Nf6 31. Kf1 Rg6 32. Ke1 Rh6 33. Kd2 Rg8
34. Kc2 Nh5 35. Nxh5 Rxh5 36. Rg1 f5 37. Rh1 Rh6 38. g3 Rgg6 39. Rag1 Qd8
40. b4 Qg5 41. Rf1 Rh5 42. f4 Qh6 43. Qg2 Qg7 44. Rfg1 Kg8 45. Qe2 Qh6 46.
h4 Rg4 47. Rh2 Qg6 48. Rhg2 Kf7 49. Kb3 Ke6 50. Ka2 Kf7 51. Kb1 Ke6 52. Kc2
Ke7 53. Kd1 Ke6 54. Ke1 Ke7 55. Kf2 Ke6 56. Ke1 Kf7 57. Kf2 Ke6 58. Ke1 Kf7
59. Kf2 Ke6 60. Ke1 {Game drawn by repetition} 1/2-1/2

[Event "ICC tourney 2151 (70 10)"]
[Site "Internet Chess Club"]
[Date "2020.11.21"]
[Round "3"]
[White "Mapking1"]
[Black "breaker90"]
[Result "0-1"]
[ICCResult "White checkmated"]
[WhiteElo "1797"]
[BlackElo "2115"]
[Opening "Ruy Lopez: 5.O-O"]
[ECO "C78"]
[NIC "RL.12"]
[Time "19:32:17"]
[TimeControl "4200+10"]

1. e4 e5 2. Nf3 Nc6 3. Bb5 a6 4. Ba4 Nf6 5. O-O b5 6. Bb3 Bc5 7. c3 d6 8. d4
Bb6 9. a4 Rb8 10. Re1 Bg4 11. d5 Ne7 12. h3 Bd7 13. Nbd2 h6 14. Nf1 g5 15.
Be3 g4 16. Bxb6 Rxb6 17. a5 Rb8 18. hxg4 Nxg4 19. Ne3 Ng6 20. Qc2 Rg8 21. c4
Nf4 22. cxb5 Nxe3 23. fxe3 Rxg2+ 24. Qxg2 Nxg2 25. Kxg2 Rxb5 26. Ra3 Qb8 27.
Nd2 Ke7 28. Rh1 Qg8+ 29. Kf2 Qg5 30. Rc1 Kd8 31. Nc4 Qh4+ 32. Ke2 Qxe4 33.
Nd2 Bg4+ 34. Kf2 Qd3 35. Rc2 Bd1 36. Ba4 Qe2+ 37. Kg1 Bxc2 38. Bxc2 Qxd2 39.
Rd3 Qxc2 40. Rc3 Qxb2 41. Rc2 Qxc2 42. e4 Rb1# {White checkmated} 0-1

[Event "ICC tourney 2151 (70 10)"]
[Site "Internet Chess Club"]
[Date "2020.11.21"]
[Round "3"]
[White "HartensChkmate"]
[Black "Zaidalaa"]
[Result "0-1"]
[ICCResult "White resigns"]
[WhiteElo "2029"]
[BlackElo "2020"]
[Opening "English opening"]
[ECO "A13"]
[NIC "RE.11"]
[Time "19:31:23"]
[TimeControl "4200+10"]

1. c4 e6 2. g3 Nf6 3. Bg2 d5 4. Nf3 c5 5. O-O Nc6 6. cxd5 exd5 7. d4 Be6 8.
Nc3 Be7 9. Bf4 O-O 10. Rc1 b6 11. Na4 Ne4 12. e3 Rc8 13. Nd2 cxd4 14. Nxe4
dxe4 15. Bxe4 Qd7 16. Qc2 Nb4 17. Bxh7+ Kh8 18. Qe4 f5 19. Qf3 Kxh7 20. b3
Nxa2 21. Rxc8 Rxc8 22. exd4 Qxd4 23. Re1 Bd5 24. Qh5+ Kg8 25. Qxf5 Rf8 26.
Qb1 Rxf4 27. gxf4 Qxf4 28. Qg6 Qf3 29. Kf1 Qh1+ 30. Ke2 Bf3+ 31. Ke3 Qxe1+
32. Kxf3 Qd1+ 33. Kg2 Qxb3 34. Nb2 Qxb2 35. Qe8+ Bf8 36. Qe6+ Kh7 37. Qf5+
g6 38. Qxf8 Qg7 39. Qf4 Qe7 40. h4 Nc3 41. f3 Nd5 42. Qd4 Qe2+ 43. Kg3 Ne7
44. Qd7 Kh6 45. Qg4 Nf5+ 46. Kh3 Qf1+ 47. Kh2 Qf2+ 48. Kh3 Qxh4+ {White
resigns} 0-1

[Event "ICC tourney 2151 (70 10)"]
[Site "Internet Chess Club"]
[Date "2020.11.21"]
[Round "3"]
[White "bworkman62189"]
[Black "DankMemer"]
[Result "1-0"]
[ICCResult "Black checkmated"]
[WhiteElo "1741"]
[BlackElo "1657"]
[Opening "French: Réti (Spielmann) variation"]
[ECO "C00"]
[NIC "FR.01"]
[Time "19:31:23"]
[TimeControl "4200+10"]

1. e4 e6 2. b3 d5 3. Bb2 Nf6 4. f3 dxe4 5. Nc3 exf3 6. Nxf3 Be7 7. Qe2 O-O
8. O-O-O a6 9. g4 b5 10. g5 Nd5 11. Nxd5 exd5 12. Qf2 c5 13. h4 c4 14. h5 a5
15. h6 g6 16. Qd4 f6 17. Ne5 cxb3 18. Bd3 bxc2 19. Rdf1 Nd7 20. gxf6 Nxf6
21. Bxg6 hxg6 22. Nxg6 Rf7 23. Rfg1 Kh7 24. Ne5 Rf8 25. Rg7+ Kh8 26. Ng6#
{Black checkmated}
1-0

[Event "ICC tourney 2151 (70 10)"]
[Site "Internet Chess Club"]
[Date "2020.11.21"]
[Round "3"]
[White "aminsamani99"]
[Black "Bluesman64"]
[Result "1-0"]
[ICCResult "Black resigns"]
[WhiteElo "1805"]
[BlackElo "1573"]
[Opening "King's Indian: London system"]
[ECO "A48"]
[NIC "QP.03"]
[Time "19:31:44"]
[TimeControl "4200+10"]

1. d4 Nf6 2. Nf3 g6 3. Bf4 Bg7 4. e3 O-O 5. h3 d6 6. Be2 c6 7. O-O Nbd7 8.
c3 Nd5 9. Bh2 Qb6 10. Qb3 Qxb3 11. axb3 b5 12. e4 N5b6 13. b4 Na4 14. b3
Nab6 15. Nbd2 Bb7 16. Ra5 a6 17. Re1 c5 18. bxc5 dxc5 19. e5 cxd4 20. cxd4
Bd5 21. Rc1 Rfc8 22. Rxc8+ Nxc8 23. Bd3 e6 24. Be4 Ne7 25. Bxd5 Nxd5 26. Ne4
Bf8 27. Nd6 Nb4 28. Nxb5 Nc6 29. Ra1 Rb8 30. Rxa6 Rxb5 31. Rxc6 Rxb3 32. Bf4
Nb6 33. Bg5 Rb1+ 34. Kh2 h6 35. Bd8 Nd5 36. Rc8 Kg7 37. Bf6+ Nxf6 38. exf6+
Kxf6 39. Rxf8 Rf1 40. Ne5 {Black resigns} 1-0

[Event "ICC tourney 2151 (70 10)"]
[Site "Internet Chess Club"]
[Date "2020.11.21"]
[Round "3"]
[White "Dominator95"]
[Black "IndianTerritory"]
[Result "1/2-1/2"]
[ICCResult "Game drawn by mutual agreement"]
[WhiteElo "2146"]
[BlackElo "2134"]
[Opening "QGD Slav: 3.Nf3"]
[ECO "D11"]
[NIC "SL.01"]
[Time "19:31:48"]
[TimeControl "4200+10"]

1. d4 c6 2. c4 d5 3. Nf3 dxc4 4. e3 b5 5. a4 Qb6 6. axb5 cxb5 7. b3 e6 8.
bxc4 bxc4 9. Bxc4 Nf6 10. O-O Bb4 11. Ba3 O-O 12. Nbd2 Nc6 13. Bxb4 Nxb4 14.
Qe2 Bb7 15. Ne5 a5 16. Nb3 Nc6 17. Nd3 Nb4 18. Nbc5 Ne4 19. Nxe4 Bxe4 20.
Nc5 Bc6 21. Rfc1 Rfb8 22. e4 Bb5 23. h3 Bxc4 24. Rxc4 Qd6 25. Qf3 h6 26. Rd1
Nc6 27. Qc3 Ne5 28. Ra4 Rb5 29. Rda1 Nc6 30. Nb3 Rab8 31. e5 Qd5 32. Nxa5
Ne7 {Game drawn by mutual agreement} 1/2-1/2

[Event "ICC tourney 2151 (70 10)"]
[Site "Internet Chess Club"]
[Date "2020.11.21"]
[Round "3"]
[White "DLWarrior"]
[Black "TheKetchupKing"]
[Result "1-0"]
[ICCResult "Black resigns"]
[WhiteElo "1955"]
[BlackElo "1820"]
[Opening "Queen's pawn game"]
[ECO "D00"]
[NIC "QP.07"]
[Time "19:31:25"]
[TimeControl "4200+10"]

1. d4 Nf6 2. Nc3 d5 3. Bf4 e6 4. e3 c6 5. Nf3 Be7 6. Bd3 Nbd7 7. Qd2 O-O 8.
O-O-O c5 9. Ne5 c4 10. Be2 a6 11. g4 Bb4 12. f3 a5 13. h4 Nxe5 14. dxe5 Nd7
15. a3 Bxc3 16. Qxc3 b5 17. Qd4 b4 18. Bg5 Qb6 19. Qxb6 Nxb6 20. axb4 f6 21.
exf6 gxf6 22. Bh6 Rf7 23. bxa5 Rxa5 24. g5 Ra2 25. gxf6 Rxf6 26. Rhg1+ Kf7
27. Rg7+ Ke8 28. Rxh7 Na4 29. Bg7 Rf7 30. Rh8+ Kd7 31. Kb1 Rxg7 32. Kxa2 Rg2
33. Bxc4 Rxc2 34. Bb5+ {Black resigns} 1-0

[Event "ICC tourney 2151 (70 10)"]
[Site "Internet Chess Club"]
[Date "2020.11.21"]
[Round "3"]
[White "qiaoqiaoszx"]
[Black "AlexandreKaram"]
[Result "1-0"]
[ICCResult "Black resigns"]
[WhiteElo "2135"]
[BlackElo "1768"]
[Opening "Sicilian: Pelikan, Chelyabinsk variation"]
[ECO "B33"]
[NIC "SI.37"]
[Time "19:31:22"]
[TimeControl "4200+10"]

1. e4 c5 2. Nf3 Nc6 3. d4 cxd4 4. Nxd4 Nf6 5. Nc3 e5 6. Ndb5 d6 7. Bg5 a6 8.
Na3 b5 9. Nd5 Be7 10. Bxf6 Bxf6 11. c3 O-O 12. Nc2 Rb8 13. Nce3 Bg5 14. Be2
Bxe3 15. Nxe3 Ne7 16. O-O Be6 17. Bf3 f5 18. exf5 Bxf5 19. a4 Be6 20. axb5
axb5 21. Nd5 Bxd5 22. Bxd5+ Kh8 23. Ra6 Rb6 24. Ra7 b4 25. Qg4 Rf4 26. Qd7
Qxd7 27. Rxd7 Ng6 28. Ra1 Rf8 29. Raa7 Rg8 30. Bxg8 bxc3 31. Bc4 Nf8 32.
Rxg7 d5 33. Bxd5 Rg6 34. Rgf7 Rg8 35. Be4 {Black resigns} 1-0

[Event "ICC tourney 2151 (70 10)"]
[Site "Internet Chess Club"]
[Date "2020.11.21"]
[Round "3"]
[White "yogeshchess77"]
[Black "sirking2800"]
[Result "1-0"]
[ICCResult "Black resigns"]
[WhiteElo "2059"]
[BlackElo "1903"]
[Opening "Giuoco Pianissimo"]
[ECO "C55"]
[NIC "IG.01"]
[Time "19:32:04"]
[TimeControl "4200+10"]

1. e4 e5 2. Nf3 Nc6 3. Bc4 Nf6 4. d3 Bc5 5. c3 O-O 6. O-O d6 7. Nbd2 Bd7 8.
a4 a5 9. Re1 Ng4 10. Rf1 Ne7 11. h3 Nf6 12. Re1 Ng6 13. Nf1 Qc8 14. Be3 Ba7
15. Kh2 c6 16. Qe2 d5 17. exd5 cxd5 18. Bb3 Bb8 19. Ng3 h6 20. d4 e4 21. Nd2
h5 22. Kg1 h4 23. Ngf1 Bxh3 24. gxh3 Qxh3 25. f3 exf3 26. Qxf3 Qd7 27. Bg5
Nh7 28. Be3 Ne7 29. Bf4 Ra6 30. Bxb8 Rxb8 31. Bc2 Rf6 32. Qh5 Rh6 33. Qe5
Qg4+ 34. Kh1 Nc6 35. Qxd5 Ng5 36. Qf5 Qh5 37. Bd1 Qg6 38. Qxg6 Rxg6 39. Kh2
Nd8 40. Re8+ Kh7 41. Bc2 {Black resigns} 1-0

[Event "ICC tourney 2151 (70 10)"]
[Site "Internet Chess Club"]
[Date "2020.11.21"]
[Round "3"]
[White "zchen15"]
[Black "Kokoro"]
[Result "0-1"]
[ICCResult "White resigns"]
[WhiteElo "1930"]
[BlackElo "2186"]
[Opening "Grünfeld: exchange, Spassky variation"]
[ECO "D87"]
[NIC "GI.05"]
[Time "19:32:17"]
[TimeControl "4200+10"]

1. d4 Nf6 2. c4 g6 3. Nc3 d5 4. cxd5 Nxd5 5. e4 Nxc3 6. bxc3 Bg7 7. Bc4 c5
8. Ne2 O-O 9. Be3 Nc6 10. O-O b6 11. Qd2 Qc7 12. Rac1 Rd8 13. Bf4 Qd7 14.
Rfd1 Na5 15. Bd5 Bb7 16. dxc5 Bxd5 17. Qxd5 Qe8 18. Qg5 h6 19. Qg3 Qa4 20.
Re1 bxc5 21. Qe3 Nc4 22. Qxc5 e5 23. Bg3 Bf8 24. Qc7 Rd7 25. Bxe5 Rxc7 26.
Bxc7 Nb2 27. Nf4 Rc8 28. Be5 Bg7 29. Bxg7 Kxg7 30. Rb1 Qc2 31. Rbc1 Qd2 32.
Rb1 Rxc3 33. Nd5 Rc2 34. Rf1 Nd3 35. Rbd1 Qe2 36. Rxd3 Qxd3 37. Nb4 Qxe4 38.
Nxc2 Qxc2 39. a3 Qa2 40. h3 Qxa3 41. Re1 a5 42. Re3 Qb2 43. Rf3 a4
{White resigns}
0-1

[Event "ICC tourney 2151 (70 10)"]
[Site "Internet Chess Club"]
[Date "2020.11.21"]
[Round "3"]
[White "premierchess"]
[Black "gardemarin13"]
[Result "0-1"]
[ICCResult "White resigns"]
[WhiteElo "2173"]
[BlackElo "1955"]
[Opening "Sicilian: accelerated fianchetto, Maróczy bind"]
[ECO "B36"]
[NIC "SI.33"]
[Time "19:32:17"]
[TimeControl "4200+10"]

1. e4 c5 2. Nf3 g6 3. d4 cxd4 4. Nxd4 Nc6 5. c4 Nf6 6. Nc3 d6 7. Be2 Nxd4 8.
Qxd4 Bg7 9. Bg5 O-O 10. Qd2 a5 11. O-O a4 12. Rad1 Qa5 13. Nd5 Nxd5 14. exd5
Re8 15. Rfe1 Qxd2 16. Rxd2 a3 17. b3 Bc3 18. Bd3 Bxd2 19. Bxd2 Bd7 20. Bb4
e6 21. dxe6 Rxe6 22. Rxe6 Bxe6 23. Be4 d5 24. cxd5 Bd7 25. d6 Bc6 26. Bxc6
bxc6 27. f3 f5 28. Kf2 Kf7 29. Ke3 Ke6 30. Kd4 Kd7 31. Kc3 Re8 32. Bxa3 Re2
33. g4 Rxa2 34. gxf5 Rxa3 35. fxg6 hxg6 {White resigns} 0-1

[Event "ICC tourney 2151 (70 10)"]
[Site "Internet Chess Club"]
[Date "2020.11.21"]
[Round "3"]
[White "matein7"]
[Black "HostilePear"]
[Result "1-0"]
[ICCResult "Black checkmated"]
[WhiteElo "1900"]
[BlackElo "1869"]
[Opening "Bogo-Indian defense, Nimzovich variation"]
[ECO "E11"]
[NIC "QI.01"]
[Time "19:31:30"]
[TimeControl "4200+10"]

1. d4 Nf6 2. c4 e6 3. Nf3 Bb4+ 4. Bd2 Qe7 5. e3 b6 6. Bd3 Bb7 7. O-O O-O 8.
Ne5 Bxd2 9. Nxd2 d6 10. Nef3 Nbd7 11. Qc2 c5 12. Rad1 h6 13. Rfe1 Rac8 14.
Ne4 Bxe4 15. Bxe4 d5 16. Bd3 cxd4 17. exd4 dxc4 18. Bf1 Nd5 19. Qa4 c3 20.
Qb3 cxb2 21. Qxb2 N7f6 22. Ba6 Rc3 23. Rc1 Qa3 24. Qxa3 Rxa3 25. Bc4 Rc3 26.
Rxc3 Nxc3 27. Ne5 b5 28. Re3 Nd1 29. Re1 bxc4 30. Rxd1 c3 31. Nc6 Nd5 32.
Rc1 a6 33. Kf1 Kh7 34. Ke1 Rc8 35. Na5 Nb4 36. Kd1 Nxa2 37. Rc2 Nb4 38. Rc1
Nd3 39. Rc2 Nxf2+ 40. Rxf2 Rd8 41. Nc6 Rd6 42. Ne5 Rxd4+ 43. Kc2 f6 44. Nc6
Rd6 45. Nb4 a5 46. Na2 e5 47. Nxc3 Kg6 48. Kb3 Rd3 49. Kc4 Re3 50. Ra2 Re1
51. Rxa5 Rg1 52. Ra2 h5 53. Kd3 Kg5 54. Ke3 f5 55. Kf2 Rc1 56. Ne2 e4 57.
Nxc1 f4 58. Ra5+ Kg4 59. h3+ Kh4 60. Ne2 g5 61. Nd4 g4 62. Nf5+ Kg5 63. h4+
Kg6 64. Nd4 Kh6 65. Ra6+ Kg7 66. Ne2 e3+ 67. Kf1 f3 68. gxf3 gxf3 69. Ng3
Kf7 70. Nf5 e2+ 71. Kf2 Kf8 72. Nd4 Kf7 73. Nxf3 Kf8 74. Kxe2 Kf7 75. Ke3
Kf8 76. Ke4 Kf7 77. Ng5+ Kf8 78. Ke5 Kg7 79. Kf5 Kf8 80. Ra7 Kg8 81. Kf6 Kh8
82. Ra8# {Black checkmated} 1-0

[Event "ICC tourney 2151 (70 10)"]
[Site "Internet Chess Club"]
[Date "2020.11.21"]
[Round "3"]
[White "Yucheng"]
[Black "hollyelf"]
[Result "1-0"]
[ICCResult "Black resigns"]
[WhiteElo "1905"]
[BlackElo "2075"]
[Opening "QGD semi-Slav: accelerated Meran (Alekhine variation)"]
[ECO "D45"]
[NIC "SL.08"]
[Time "19:31:31"]
[TimeControl "4200+10"]

1. d4 d5 2. c4 c6 3. Nc3 Nf6 4. e3 e6 5. Nf3 a6 6. c5 b6 7. cxb6 Qxb6 8. Bd3
Bb4 9. O-O O-O 10. Bd2 Nbd7 11. Rc1 Bd6 12. Na4 Qc7 13. Qc2 Bb7 14. b4 e5
15. dxe5 Nxe5 16. Nxe5 Bxe5 17. h3 d4 18. exd4 Bxd4 19. Bc3 Bxc3 20. Nxc3 h6
21. Rfe1 Rad8 22. Rcd1 Rfe8 23. Ne4 Nd5 24. a3 a5 25. Nc3 Rxe1+ 26. Rxe1 Nf4
27. Bf1 axb4 28. axb4 c5 29. Ne4 Qe5 30. Qxc5 Re8 31. Nf6+ Qxf6 32. Rxe8+
Kh7 33. Qe5 Nxh3+ 34. gxh3 Qf3 35. Qh2 Bc6 36. Re3 Qd1 {Black resigns} 1-0

[Event "ICC tourney 2151 (70 10)"]
[Site "Internet Chess Club"]
[Date "2020.11.21"]
[Round "3"]
[White "satyamalugu"]
[Black "randomusername"]
[Result "0-1"]
[ICCResult "White resigns"]
[WhiteElo "2099"]
[BlackElo "2051"]
[Opening "Caro-Kann: Tartakower (fantasy) variation"]
[ECO "B12"]
[NIC "CK.02"]
[Time "19:32:17"]
[TimeControl "4200+10"]

1. e4 c6 2. d4 d5 3. f3 e6 4. Nc3 Bb4 5. e5 c5 6. a3 Bxc3+ 7. bxc3 Ne7 8. f4
Nbc6 9. Nf3 Qa5 10. Bd2 c4 11. Ng5 h6 12. Qh5 g6 13. Qh3 Qa4 14. Kd1 b5 15.
Be2 a5 16. Bc1 b4 17. Bb2 bxc3 18. Bxc3 Nf5 19. Nf3 Ne3+ 20. Kd2 Qxc2+ 21.
Kxe3 Qxc3+ 22. Kf2 Nxd4 23. Nxd4 Qxd4+ 24. Qe3 Qxe3+ 25. Kxe3 Kd7 26. Rhb1
Ba6 27. Bd1 Rhb8 28. Ba4+ Kc7 29. Kd4 Bc8 30. Be8 Bd7 31. Bxf7 Rxb1 32. Rxb1
Rf8 33. Bxg6 Rxf4+ 34. Kc5 Rg4 35. Bh7 Rg7 36. Bc2 Rxg2 37. Bd1 Rxh2 38. Rb6
c3 39. Ra6 c2 40. Ra7+ Kb8 41. Bxc2 Rxc2+ 42. Kb6 Rb2+ 43. Ka6 Bc8+ 44. Kxa5
Kxa7 45. a4 Rc2 {White resigns} 0-1

[Event "ICC tourney 2151 (70 10)"]
[Site "Internet Chess Club"]
[Date "2020.11.21"]
[Round "3"]
[White "rdhanekula"]
[Black "python0812"]
[Result "1-0"]
[ICCResult "Black resigns"]
[WhiteElo "1969"]
[BlackElo "2044"]
[Opening "Sicilian: dragon variation"]
[ECO "B70"]
[NIC "SI.15"]
[Time "19:31:34"]
[TimeControl "4200+10"]

1. e4 c5 2. Nf3 d6 3. d4 cxd4 4. Nxd4 Nf6 5. Nc3 g6 6. Bc4 Bg7 7. f3 a6 8.
Be3 b5 9. Bb3 Bb7 10. Qd2 h5 11. O-O Nbd7 12. Rad1 Rc8 13. a4 b4 14. Na2 a5
15. c3 bxc3 16. Nxc3 O-O 17. Ndb5 Nc5 18. Bc2 Qd7 19. Rfe1 Rfd8 20. Na7 Ra8
21. e5 Nd5 22. Nxd5 Bxd5 23. Qxd5 Qxa7 24. exd6 exd6 25. Bxg6 Qb7 26. Qxb7
Nxb7 27. Be4 Rd7 28. Rd5 Re8 29. Rxh5 Rde7 30. Rd1 Bxb2 31. Rg5+ Kh8 32. Rb5
Bg7 33. Kf2 Nc5 34. Bxc5 dxc5 35. Rxc5 Re5 36. Rc7 f5 37. Rdd7 fxe4 38. Rxg7
e3+ 39. Ke2 Rd5 40. Rh7+ Kg8 41. Rcg7+ Kf8 42. Rd7 Rxd7 43. Rxd7 Re5 44. Rd3
Rh5 45. h3 Rh4 46. Ra3 Rb4 47. Kxe3 Rb2 48. g3 {Black resigns} 1-0

[Event "ICC tourney 2151 (70 10)"]
[Site "Internet Chess Club"]
[Date "2020.11.21"]
[Round "3"]
[White "Vladlena85"]
[Black "dogetk"]
[Result "0-1"]
[ICCResult "White resigns"]
[WhiteElo "2086"]
[BlackElo "1966"]
[Opening "Caro-Kann: two knights variation"]
[ECO "B11"]
[NIC "CK.01"]
[Time "19:32:17"]
[TimeControl "4200+10"]

1. e4 c6 2. Nc3 d5 3. Nf3 Nf6 4. e5 Ne4 5. Be2 Nxc3 6. dxc3 Bg4 7. O-O e6 8.
Bf4 Be7 9. Nd4 Bxe2 10. Qxe2 O-O 11. Qg4 Kh8 12. Rad1 c5 13. Nf3 Nc6 14.
Rfe1 Qa5 15. a3 Qa4 16. Rd2 a5 17. Re3 Qb5 18. b3 a4 19. b4 d4 20. cxd4 cxb4
21. axb4 a3 22. Rd1 a2 23. Ra1 Qxb4 24. Ree1 Nxd4 25. Nxd4 Qxd4 26. Qf3 Ra3
27. Qxb7 Bc5 28. Be3 Qxe5 29. Qb5 Rxe3 30. Rxe3 Qxa1+ {White resigns} 0-1

[Event "ICC tourney 2151 (70 10)"]
[Site "Internet Chess Club"]
[Date "2020.11.21"]
[Round "3"]
[White "chesslin"]
[Black "RagingKnightNC"]
[Result "1-0"]
[ICCResult "Black resigns"]
[WhiteElo "1972"]
[BlackElo "2097"]
[Opening "Queen's pawn, Mason variation, Steinitz counter-gambit"]
[ECO "D00"]
[NIC "QP.08"]
[Time "19:31:30"]
[TimeControl "4200+10"]

1. d4 d5 2. Bf4 c5 3. e3 Nc6 4. c3 Nf6 5. Nd2 Bf5 6. h3 e6 7. Ngf3 Bd6 8.
Ne5 Qc7 9. Qa4 O-O 10. Ndf3 Be4 11. Nxc6 Bxf4 12. Nce5 Bxf3 13. Nxf3 Bxe3
14. fxe3 Qg3+ 15. Kd1 Ne4 16. Be2 b5 17. Qc2 Rfc8 18. Rg1 cxd4 19. exd4 b4
20. Bd3 bxc3 21. b3 a5 22. a4 Nf2+ 23. Ke2 Nxd3 24. Qxd3 Rab8 25. Qc2 f6 26.
Rad1 Rb7 27. Rd3 Qg6 28. Ne1 Qe4+ 29. Kf2 Rb4 30. Nf3 Rxb3 31. Qxb3 Qxd3 32.
Qb6 Qc2+ 33. Kg3 Qg6+ 34. Kh2 Qe8 35. Qxa5 Rc4 36. Rc1 Qb8+ 37. Kh1 Qb2 38.
Qd8+ Kf7 39. Qd7+ Kg6 40. Qe8+ Kh6 41. Rg1 Qe2 42. Re1 Qf2 43. Qxe6 Rxa4 44.
Qe2 Qxe2 45. Rxe2 Rc4 46. Rc2 Kg6 47. g4 h5 48. Kg2 hxg4 49. hxg4 f5 50.
Ne5+ {Black resigns} 1-0

[Event "ICC tourney 2151 (70 10)"]
[Site "Internet Chess Club"]
[Date "2020.11.21"]
[Round "3"]
[White "HarleyQueen8"]
[Black "mopaska1106"]
[Result "1/2-1/2"]
[ICCResult "Game drawn by mutual agreement"]
[WhiteElo "1892"]
[BlackElo "2029"]
[Opening "Dutch with c4 & Nc3"]
[ECO "A85"]
[NIC "HD.05"]
[Time "19:31:26"]
[TimeControl "4200+10"]

1. d4 f5 2. c4 Nf6 3. Nc3 g6 4. Nf3 Bg7 5. Bf4 O-O 6. e3 d6 7. Be2 c6 8. O-O
h6 9. h3 Nbd7 10. Bh2 Qe8 11. d5 Nc5 12. Rc1 Bd7 13. Nd4 Kh8 14. Nb3 Nce4
15. Nxe4 Nxe4 16. Rc2 c5 17. Nd2 Nf6 18. Bd3 e5 19. dxe6 Qxe6 20. Re1 Bc6
21. Qb1 Rad8 22. Rcc1 d5 23. Rcd1 Qf7 24. b3 Ne4 25. Bxe4 dxe4 26. Nf1 Qe7
27. Rxd8 Rxd8 28. Rd1 a6 29. Qc2 Rd7 30. Rxd7 Qxd7 31. Qd2 Qd3 32. Qa5 Bf8
33. Qc7 Kg8 34. Qb8 Qd7 35. Qg3 Kf7 36. Qe5 Kg8 37. Qg3 Qf7 38. Qb8 Qe6 39.
Bf4 Kf7 {Game drawn by mutual agreement} 1/2-1/2

[Event "ICC tourney 2151 (70 10)"]
[Site "Internet Chess Club"]
[Date "2020.11.21"]
[Round "3"]
[White "el008"]
[Black "mexicoreal"]
[Result "0-1"]
[ICCResult "White checkmated"]
[WhiteElo "1932"]
[BlackElo "2050"]
[Opening "Giuoco Piano"]
[ECO "C54"]
[NIC "IG.02"]
[Time "19:31:31"]
[TimeControl "4200+10"]

1. e4 e5 2. Nf3 Nc6 3. Bc4 Bc5 4. c3 Nf6 5. d3 d6 6. O-O O-O 7. Nbd2 Bb6 8.
Re1 Be6 9. Bxe6 fxe6 10. Nc4 Qe7 11. b4 Nd8 12. Qb3 c6 13. Nxb6 axb6 14. d4
exd4 15. Nxd4 Ng4 16. Nf3 Qf7 17. Be3 Qh5 18. h3 Rxf3 19. hxg4 Qxg4 20. Qd1
Rf4 21. Bxf4 Qxf4 22. g3 Qf8 23. Kg2 Nf7 24. f4 d5 25. exd5 exd5 26. Qd4 b5
27. Re6 Nd6 28. Qe5 Ne4 29. Re7 Qf6 30. Qxf6 gxf6 31. Rh1 Rxa2+ 32. Kf3 Rf2+
33. Ke3 Rg2 34. Rhxh7 Rxg3+ 35. Kd4 b6 36. Rhf7 Nf2 37. Rxf6 Rd3+ 38. Ke5
Ng4+ 39. Kf5 Nxf6 40. Kxf6 Rxc3 41. Re8+ Kh7 42. f5 d4 43. Re7+ Kh6 44. Kf7
Rf3 45. f6 c5 46. Rd7 d3 47. Ke7 Re3+ 48. Kf8 c4 49. f7 c3 50. Kg8 Rg3+ 51.
Kh8 Rf3 52. Rd6+ Kg5 53. Rd5+ Kg6 54. Rxd3 Rxf7 55. Rg3+ Kh6 56. Rh3+ Kg5
57. Rxc3 Rf4 58. Rb3 Kf5 59. Kg7 Ke5 60. Kg6 Kd4 61. Kg5 Rf1 62. Rh3 Kc4 63.
Rh4+ Kc3 64. Rh6 Kxb4 65. Rxb6 Kc4 66. Rb8 b4 67. Kg4 Kc3 68. Rc8+ Kb2 69.
Kg3 b3 70. Kg2 Rc1 71. Rb8 Rc3 72. Kf2 Kc1 73. Ke2 b2 74. Rh8 b1=Q 75. Rh1+
Kb2 76. Rxb1+ Kxb1 77. Kd2 Kb2 78. Ke2 Kc2 79. Kf2 Kd2 80. Kf1 Re3 81. Kf2
Re8 82. Kf3 Kd3 83. Kf4 Kd4 84. Kf5 Kd5 85. Kf6 Re1 86. Kf5 Rf1+ 87. Kg5 Ke4
88. Kg6 Ke5 89. Kg7 Ke6 90. Kg8 Ke7 91. Kg7 Rg1+ 92. Kh6 Kf6 93. Kh5 Rg8 94.
Kh4 Kf5 95. Kh3 Kf4 96. Kh2 Kf3 97. Kh1 Kf2 98. Kh2 Rh8# {White checkmated}
0-1